 Dungeon Crawl Stone Soup version 0.21.1-1-g345015f (webtiles) character file.

161 shakethe the Ruffian (level 5, -1/49 HPs)
             Began as a Troll Transmuter on Feb 9, 2018.
             Slain by Grinder (4 damage)
             ... on level 3 of the Dungeon.
             The game lasted 00:08:53 (2058 turns).

shakethe the Ruffian (Troll Transmuter)             Turns: 2058, Time: 00:08:54

Health: -1/49      AC:  5    Str: 18    XL:     5   Next: 18%
Magic:  5/5        EV: 10    Int: 10    God:
Gold:   129        SH:  0    Dex: 10    Spells: 5/6 levels left

rFire    . . .     SeeInvis .     - Unarmed
rCold    . . .     Gourm    +   (no shield)
rNeg     . . .     Faith    .   k - +0 robe {MR+}
rPois    .         Spirit   .   (helmet restricted)
rElec    .         Reflect  .   (no cloak)
rCorr    .         Harm     .   (gloves unavailable)
MR       +....                  (boots unavailable)
Stlth    +.........             (no amulet)
HPRegen  0.56/turn              (no ring)
MPRegen  0.09/turn              (no ring)

@: very slightly contaminated, invisible
A: large, unfitting armour, claws 3, fast metabolism 3, gourmand, regeneration
1, shaggy fur 1, tough skin 2
a: no special abilities


You were on level 3 of the Dungeon.
You were not hungry.

You visited 1 branch of the dungeon, and saw 3 of its levels.
You also visited: Sewer.

You collected 129 gold pieces.

Inventory:

Missiles
 a - 50 arrows
Armour
 b - a +0 robe
 k - a +0 robe of magic resistance (worn)
   (You found it on level 1 of the Dungeon)
Wands
 l - a wand of random effects (19)
   (You took it off Jessica on level 2 of the Dungeon)
Scrolls
 f - 2 scrolls of fog
 g - 3 scrolls of remove curse
 h - 3 scrolls of teleportation {unknown}
 i - a scroll of fear
 j - a scroll of identify
Potions
 e - a potion of flight
 m - a potion of invisibility
Books
 c - a book of Changes
Comestibles
 d - 5 rations


   Skills:
 + Level 2.1 Fighting
 - Level 1.5 Dodging
 * Level 4.6 Unarmed Combat
 - Level 1.2 Spellcasting
 + Level 2.3 Transmutations


You had 5 spell levels left.
You knew the following spells:

 Your Spells              Type           Power        Failure   Level  Hunger
a - Beastly Appendage     Tmut           #.....       13%         1    ##.....


Dungeon Overview and Level Annotations

Branches:
Dungeon (3/15)

Altars:

Annotations:
D:3 Grinder


Innate Abilities, Weirdness & Mutations

You are too large for most types of armour.
You have claws for hands.
Your metabolism is lightning-fast.
You like to eat raw meat.
Your natural rate of healing is unusually fast.
You are covered in fur. (AC +1)
You have very tough skin. (AC +2)


Message History

You see here a bat corpse.
You enter the shallow water.
Moving in this stuff is going to be slow.
You enter the shallow water.
Moving in this stuff is going to be slow.
You enter the shallow water.
Moving in this stuff is going to be slow.
Partly explored, can't reach some places.
Partly explored, can't reach some places.
You enter the shallow water.
Moving in this stuff is going to be slow.
Partly explored, can't reach some places.
You enter the shallow water.
Moving in this stuff is going to be slow.
You enter the shallow water.
Moving in this stuff is going to be slow.
You enter the shallow water.
Moving in this stuff is going to be slow.
You enter the shallow water.
Moving in this stuff is going to be slow.
You enter the shallow water.
Moving in this stuff is going to be slow.
You enter the shallow water.
Moving in this stuff is going to be slow.
You enter the shallow water.
Moving in this stuff is going to be slow.
You enter the shallow water.
Moving in this stuff is going to be slow.
You enter the shallow water.
Moving in this stuff is going to be slow.
You enter the shallow water.
Moving in this stuff is going to be slow.
You enter the shallow water.
Moving in this stuff is going to be slow.
There is a gate leading back out of this place here.
Unknown command.
Okay, then.
There is a gate leading back out of this place here.
Welcome back to the Dungeon!
Level annotation: Grinder The river rat misses you.
Grinder blinks!
The river rat bites you but does no damage.
There is a collapsed entrance here.
It was a potion of invisibility.
You fade into invisibility!
Grinder blinks!
The river rat closely misses you.
You are very lightly contaminated with residual magic.
Grinder blinks!
You claw the worm! The worm bites you. The river rat closely misses you.
The ball python hisses angrily.
You take 5 damage, and have 44/49 hp.
You barely miss the worm. The ball python barely misses you.
You claw the worm!
You kill the worm!
The ball python closely misses you.
You barely miss the ball python. The ball python barely misses you.
You closely miss the ball python. The ball python barely misses you.
You closely miss the ball python. You claw the ball python.
The river rat barely misses you.
The ball python bites you but does no damage.
You barely miss the ball python. The river rat barely misses you.
The ball python bites you but does no damage.
You claw the ball python!
You kill the ball python!
Grinder blinks!
The river rat closely misses you.
You grow a pair of large bovine horns.
Grinder blinks!
The river rat bites you.
You take 2 damage, and have 45/49 hp.
You now have 4/5 mp.
You scratch the river rat but do no damage.
Grinder hits you.
You writhe in agony.
The river rat bites you.
You take 14 damage, and have 31/49 hp.
MASSIVE DAMAGE!!
You closely miss the river rat. You headbutt the river rat! Grinder hits you!
You writhe in agony.
The river rat barely misses you.
You take 12 damage, and have 19/49 hp.
MASSIVE DAMAGE!!
You claw the river rat!
You kill the river rat!
Grinder barely misses you.
You claw Grinder! Your headbutt misses Grinder. Grinder closely misses you.
You scratch Grinder but do no damage. Grinder hits you but does no damage.
You claw Grinder! Your headbutt misses Grinder. Grinder hits you.
You take 2 damage, and have 18/49 hp.
You closely miss Grinder. You completely miss Grinder. Grinder misses you.
You closely miss Grinder. Grinder barely misses you.
You claw Grinder! You headbutt Grinder.
Your horns disappear.
Grinder barely misses you.
You scratch Grinder. Grinder hits you.
You writhe in agony.
* * * LOW HITPOINT WARNING * * *
You take 6 damage, and have 14/49 hp.
MP restored: 5 You scratch Grinder.
Grinder hits you!
* * * LOW HITPOINT WARNING * * *
You writhe in agony.
* * * LOW HITPOINT WARNING * * *
You take 11 damage, and have 3/49 hp.
MASSIVE DAMAGE!!
You closely miss Grinder. Grinder hits you.
You die...

#.# #.## ########*,,,,*,**, #.#
#.####......,#,*,,*,**,
****##.####........≈≈,.#,*,,*,**,
,,,,........##≈≈.≈≈#*..#,*,,*,**,
,,,,...####.##≈≈.≈≈##..#,*,,*,**,
*****#.# #.≈≈.....≈≈..#,**,*,**,
*,* #.≈≈..!..≈≈..#,**,,,**,
*,**##.≈≈..5..≈≈..#.**,,,,,,
*,.....≈≈.†@..≈≈....***,,***
*,####.≈≈.....≈≈≈###* *,,*** *,*
#.##≈≈≈≈≈##.# ****,**, *,*
#.##≈≈≈≈≈#*,# *,,,,**,
*,***#..........,****,,,,**,
*,,,,......#####*,,,+,,,,,+,
*,**,#####.# *,***,,,,,*,
*,**,,,,,..******,* *,,,,,,,
*,**,***,,,,,,,,,,***,,,*,,,


You could see Grinder.

Vanquished Creatures
  Jessica (D:2)
  A river rat (D:3)
  6 oozes
  4 worms
  2 dart slugs
  3 leopard geckos
  5 ball pythons
  14 bats
  4 giant cockroaches
  5 goblins
  5 hobgoblins
  9 jackals
  A quokka (D:2)
  5 frilled lizards
  6 kobolds
  7 rats
78 creatures vanquished.

Notes
Turn   | Place    | Note
-------+----------+-------------------------------------------
     0 | D:1      | shakethe the Troll Transmuter began the quest for the Orb.
     0 | D:1      | Reached XP level 1. HP: 18/18 MP: 1/1
   144 | D:1      | Reached skill level 1 in Fighting
   178 | D:1      | Reached XP level 2. HP: 25/27 MP: 2/2
   561 | D:1      | Reached XP level 3. HP: 29/33 MP: 3/3
  1151 | D:2      | Noticed Jessica
  1156 | D:2      | Killed Jessica
  1156 | D:2      | Reached skill level 4 in Unarmed Combat
  1156 | D:2      | Reached skill level 2 in Transmutations
  1156 | D:2      | Reached XP level 4. HP: 41/41 MP: 4/4
  1260 | D:3      | Noticed Grinder
  1300 | D:3      | Found a glowing drain.
  1308 | D:3      | Paralysed by Grinder for 5 turns
  1314 | Sewer    | Entered a sewer
  1698 | Sewer    | Reached skill level 2 in Fighting
  1721 | Sewer    | Reached XP level 5. HP: 42/49 MP: 5/5
  1734 | Sewer    | HP: 7/49 [worm (11)]
  2057 | D:3      | HP: 7/49 [Grinder (8)]
  2057 | D:3      | HP: 3/49 [Grinder (4)]
  2058 | D:3      | Slain by Grinder

Skill      XL: |  1  2  3  4 |
---------------+-------------+-----
Fighting       | 1 2 |  2.1
Unarmed Combat | 4 |  4.6
Transmutations | 2 |  2.3
Dodging        | |  1.5
Spellcasting   | |  1.2

Action                   |  1- 3 |  4- 6 || total
-------------------------+-------+-------++-------
Melee: Unarmed           |    99 |   137 ||   236
       Punch             |       |     2 ||     2
       Headbutt          |       |     2 ||     2
 Cast: Beastly Appendage |       |     2 ||     2
  Use: Potion            |       |     6 ||     6
       Scroll            |       |     5 ||     5
  Eat: Chunk             |     8 |    10 ||    18
Armor: Robe              |    41 |    76 ||   117
Dodge: Dodged            |    41 |   121 ||   162

Vault maps used:
D:1:      giann_wishing_wells, minivault_4, minmay_pentomino_q2
D:2:      first_ration, uniq_jessica
D:3:      grunt_gozag_statues, cheibrodos_sewer_entry_sluice, fedhas_altar_4,
          uniq_natasha, uniq_grinder
Sewer:    sewer_fruit_machine

Table legend:
 A = Turns spent in this place as a percentage of turns spent in the entire game.
 B = Non-inter-level travel turns spent in this place as a percentage of non-inter-level travel turns spent in the entire game.
 C = Inter-level travel turns spent in this place as a percentage of turns spent in this place.
 D = Turns resting spent in this place as a percentage of non-inter-level travel turns spent in this place.
 E = Turns spent auto-exploring this place as a percentage of non-inter-level travel turns spent in this place.
 F = Non-inter-level travel turns spent in this place divided by the number of levels of this place that you've seen.
                   A       B       C       D       E      F
               +-------+-------+-------+-------+-------+----------------------
         Total | 100.0 | 100.0 |   0.0 |   2.0 |  46.1 | 514.5
       Dungeon |  65.1 |  65.1 |   0.0 |   0.0 |  63.9 | 446.3
         Sewer |  34.9 |  34.9 |   0.0 |   5.8 |  12.8 | 719.0
               +-------+-------+-------+-------+-------+----------------------

Table legend:
 A = Kills in this place as a percentage of kills in entire the game.
 B = Kills by you in this place as a percentage of kills by you in the entire game.
 C = Kills by friends in this place as a percentage of kills by friends in the entire game.
 D = Other kills in this place as a percentage of other kills in the entire game.
 E = Experience gained in this place as a percentage of experience gained in the entire game.
 F = Experience gained in this place divided by the number of levels of this place that you have seen.
                   A       B       C       D       E      F
               +-------+-------+-------+-------+-------+----------------------
         Total | 100.0 | 100.0 |   N/A |   N/A | 100.0 |  57.5
       Dungeon |  64.1 |  64.1 |   N/A |   N/A |  63.0 |  48.3
         Sewer |  35.9 |  35.9 |   N/A |   N/A |  37.0 |  85.0
               +-------+-------+-------+-------+-------+----------------------
